 Dungeon Crawl Stone Soup version 0.31.0-11-ge490571c62 (webtiles) character file.

Game seed: 10094419020192332301

2335 SnakkuSnakku7 the Spear-Bearer (level 9, -2/57 HPs)
             Began as a Merfolk Conjurer on Feb 1, 2024.
             Killed from afar by an electric eel (14 damage)
             ... with a bolt of electricity
             ... on level 6 of the Dungeon.
             The game lasted 00:13:26 (7051 turns).

SnakkuSnakku7 the Spear-Bearer (Merfolk Conjurer)   Turns: 7051, Time: 00:13:29

Health: -2/57      AC: 10    Str: 11    XL:     9   Next: 42%
Magic:  12/12      EV: 11    Int: 18    God:
Gold:   345        SH:  0    Dex: 14    Spells: 11/12 levels left

rFire   + . .        a - +0 halberd
rCold   . . .        (shield currently unavailable)
rNeg    . . .        t - +0 scale mail
rPois   .            (no helmet)
rElec   .            (no cloak)
rCorr   .            (no gloves)
SInv    .            (boots currently unavailable)
Will    .....        (no amulet)
Stlth   +++          j - ring of Viushraf {rF+ AC+4}
HPRegen 0.29/turn    (no ring)
MPRegen 0.13/turn

%: no passive effects
@: very quick
A: nimble swimmer 2, mertail, thin skeletal structure 1, screaming 1, evolution
1
a: no special abilities


You were on level 6 of the Dungeon.
You visited 1 branch of the dungeon, and saw 6 of its levels.
You also visited: Sewer.

You collected 345 gold pieces.

Inventory:

Hand Weapons
 a - a +0 halberd (weapon)
 u - a +0 trident
Missiles
 c - 25 poisoned darts (quivered)
 q - 2 curare-tipped darts
 x - a throwing net
Armour
 g - a +0 robe
 h - a +0 leather armour
 t - a +0 scale mail (worn)
Jewellery
 j - the ring of Viushraf (left hand) {rF+ AC+4}
   (You found it on level 3 of the Dungeon)

   [ring of protection]

   AC+4:      It affects your AC (+4).
   rF+:       It protects you from fire.
Wands
 o - a wand of acid (3)
Scrolls
 d - 2 scrolls of vulnerability
 e - a scroll of brand weapon {unknown}
 m - a scroll of silence
 n - a scroll of teleportation
 p - 3 scrolls of poison
 v - 2 scrolls of identify
Potions
 b - a potion of magic
 f - 3 potions of brilliance
 i - a potion of lignification
 k - a potion of attraction
 r - 2 potions of haste


   Skills:
 + Level 14.3 Polearms
 - Level 4.0 Throwing
 - Level 2.6 Dodging
 - Level 2.1 Stealth
 - Level 2.5 Unarmed Combat
 - Level 2.0 Spellcasting
 - Level 3.2 Conjurations


You had 11 spell levels left.
You knew the following spells:

 Your Spells              Type           Power      Damage    Failure   Level
a - Magic Dart            Conj           52%        1d5       30%         1

Your spell library contained the following spells:

 Spells                   Type           Power      Damage    Failure   Level
 Searing Ray              Conj           26%        2d5       41%         2
 Sting                    Conj/Alch      28%        1d4       52%         1
 Blink                    Tloc           2%         N/A       86%         2
 Call Imp                 Summ           2%         N/A       86%         2
 Mercury Vapours          Alch/Air       2%         N/A       86%         2
 Call Canine Familiar     Summ           1%         N/A       98%         3
 Inner Flame              Hex/Fire       1%         N/A       98%         3
 Sigil of Binding         Hex            1%         N/A       98%         3
 Fulminant Prism          Conj/Alch      3%         3d5       99%         4
 Iskenderun's Mystic Bla  Conj/Tloc      7%         2d4       99%         4
 Dimensional Bullseye     Hex/Tloc       0%         N/A       100%        4
 Olgreb's Toxic Radiance  Alch           1%         N/A       100%        4
 Irradiate                Conj/Alch      3%         3d12      100%        5
 Ignition                 Fire           0%         3d3       100%        8


Dungeon Overview and Level Annotations

Branches:
Dungeon (6/15)              Sewer (visited)
 Temple: D:4-7

Altars:


Innate Abilities, Weirdness & Mutations

You are very nimble when in or above water. (Stealth+, EV+, Speed+++)
Your lower body shifts to a powerful aquatic tail in water.
You have a somewhat thin skeletal structure. (Dex +2, Stealth+)
You occasionally shout uncontrollably at your foes.
You have hidden genetic potential.


Message History

No target in view!
No target in view!
An electric eel comes into view.
Found 12 gold pieces and a glowing inky potion.
A dart slug and an electric eel come into view.
Found a stone staircase leading up.
The electric eel shoots out a bolt of lightning at you!
The bolt of electricity hits you! x2
Your legs become a tail as you enter the water.
A dart slug comes into view.
The electric eel shoots out a bolt of lightning at you!
The bolt of electricity hits the electric eel.
The electric eel completely resists.
The bolt of electricity hits you!
Unknown command.
You closely miss the electric eel.
Your tail-slap misses the electric eel.
You slash the electric eel!
Your tail-slap misses the electric eel.
The electric eel is heavily wounded.
You miss the electric eel.
The electric eel is heavily wounded.
The electric eel shoots out a bolt of lightning at you!
The bolt of electricity hits you! The bolt of electricity misses you.
The bolt of electricity hits the electric eel.
The electric eel completely resists.
The bolt of electricity hits the dart slug.
You closely miss the electric eel.
Your tail-slap misses the electric eel.
The electric eel is heavily wounded.
Unknown command.
You closely miss the electric eel.
The electric eel is heavily wounded.
The electric eel shoots out a bolt of lightning at you!
The bolt of electricity hits you. The bolt of electricity hits you!
* * * LOW HITPOINT WARNING * * *
The bolt of electricity hits the electric eel.
The electric eel completely resists.
The bolt of electricity hits the dart slug!
The dart slug dies!
The electric eel shoots out a bolt of lightning at you!
The bolt of electricity hits the electric eel.
The electric eel completely resists.
The bolt of electricity hits you!
You die...

####..............#
#..
#....####.........#
### .....##.##
#.........# ##.#
~.~~##.###'##### #
≈≈≈~~~.####.#
#≈≈~~≈~≈≈##..##
≈≈~~~#≈≈≈≈#...#
≈≈≈~≈~~≈≈≈≈.##..#
≈#≈≈~≈~≈≈#≈~@# #.#
~#≈~~≈≈S≈# .#
.$~~(~~†S# ##
<...!.≈~..
.!~.⌠.~≈~..
~~#≈≈#≈w~...
~~≈≈≈#≈~#.##.
~≈≈≈#≈.#.# ..


You could see 2 electric eels and a dart slug.

Vanquished Creatures
  A water moccasin (D:5)
  4 black bears
  An ogre (D:5)
  3 phantoms
  4 kobold brigands (Sewer)
  A brain worm (Sewer)
  A scorpion (D:5)
  2 howler monkeys (D:5)
  2 bombardier beetles
  A jelly (D:6)
  A gnoll bouda (D:5)
  5 hounds
  An orc priest (D:3)
  3 sleepcaps (D:5)
  2 iguanas
  An orc wizard (D:5)
  29 gnolls
  A river rat (Sewer)
  12 adders
  A shadow imp (D:6)
  2 ufetubi (D:5)
  6 dart slugs
  3 ribbon worms
  32 orcs
  15 ball pythons
  15 endoplasms
  5 giant cockroaches
  5 goblins
  4 hobgoblins
  16 jackals
  13 kobolds
  4 quokkas
  2 bats (D:1)
  7 frilled lizards
  8 rats
213 creatures vanquished.

Vanquished Creatures (others)
  A dart slug (D:6)
1 creature vanquished.

Grand Total: 214 creatures vanquished

Notes
Turn   | Place    | Note
-------+----------+-------------------------------------------
     0 | D:1      | SnakkuSnakku7 the Merfolk Conjurer began the quest for the
                  | Orb.
     0 | D:1      | Reached XP level 1. HP: 13/13 MP: 3/3
   118 | D:1      | Reached skill level 1 in Unarmed Combat
   129 | D:1      | Reached skill level 1 in Throwing
   129 | D:1      | Reached XP level 2. HP: 17/19 MP: 1/5
   503 | D:1      | Reached XP level 3. HP: 24/24 MP: 3/6
  1118 | D:2      | Found a faded altar of an unknown god.
  1454 | D:3      | Reached XP level 4. HP: 30/30 MP: 7/7
  1591 | D:3      | Reached skill level 1 in Polearms
  1594 | D:3      | HP: 1/30 [quokka (4)]
  2265 | D:3      | Identified the ring of Viushraf {rF+ AC+4}
  2697 | D:3      | Reached skill level 2 in Polearms
  2752 | D:3      | Reached XP level 5. HP: 35/35 MP: 8/8
  2845 | D:4      | Reached skill level 3 in Polearms
  2924 | D:4      | Noticed a black bear
  3252 | D:4      | Found a glowing drain.
  3259 | Sewer    | Entered a sewer
  3288 | Sewer    | Reached XP level 6. HP: 41/41 MP: 9/9
  3318 | Sewer    | Reached skill level 4 in Polearms
  3502 | Sewer    | Reached skill level 5 in Polearms
  3605 | Sewer    | Reached skill level 6 in Polearms
  3605 | Sewer    | Reached XP level 7. HP: 20/46 MP: 10/10
  3823 | Sewer    | Reached skill level 7 in Polearms
  3996 | D:4      | Reached skill level 8 in Polearms
  4431 | D:4      | Reached skill level 9 in Polearms
  4431 | D:4      | Reached XP level 8. HP: 46/52 MP: 11/11
  4760 | D:5      | Entered Level 5 of the Dungeon
  5004 | D:5      | Reached skill level 10 in Polearms
  5385 | D:5      | Reached skill level 11 in Polearms
  5810 | D:5      | Reached skill level 12 in Polearms
  5811 | D:5      | Gained mutation: You have hidden genetic potential. [potion
                  | of mutation]
  5811 | D:5      | Gained mutation: You occasionally shout uncontrollably at
                  | your foes. [potion of mutation]
  5811 | D:5      | Gained mutation: You have a somewhat thin skeletal
                  | structure. (Dex +2, Stealth+) [potion of mutation]
  6068 | D:5      | Reached XP level 9. HP: 57/57 MP: 12/12
  6082 | D:5      | Reached skill level 13 in Polearms
  6788 | D:6      | Reached skill level 14 in Polearms
  7051 | D:6      | Killed from afar by an electric eel

Illustrated notes

Levels and vault maps discovered:
D:1:      ebering_hopf_link, layout_basic
D:2:      layout_basic, hellmonk_ecumenical_altar_zigzags
D:3:      layout_loops_cross, serial_aquarium, aquarium_bridge_island_small
          [aquarium_subvault_small_open, aquarium_subvault_window,
          aquarium_subvault_bridge, aquarium_subvault_bridge,
          aquarium_subvault_bridge], aquarium_bridge_straight
          [aquarium_subvault_bridge, aquarium_subvault_wall,
          aquarium_subvault_bridge, aquarium_subvault_wall], aquarium_window_3,
          aquarium_window_fake, aquarium_window_fake, aquarium_view_2f,
          aquarium_balcony_5a, aquarium_pool_1
D:4:      layout_basic, mainiacjoe_sewer_entry_somewhere_in_here_2,
          minmay_tree_intersection
D:5:      lemuel_castle_with_subvaults [lemuel_castle_interior_carwin_2],
          layout_gridville
D:6:      kennysheep_slugbush, layout_basic, ebering_ghost_sewer_d, st_stairs_4,
          uniq_pikel, uniq_menkaure

Skill      XL: |  1  2  3  4  5  6  7  8  9 |
---------------+----------------------------+-----
Unarmed Combat | 1 2 |  2.5
Throwing       | 1 2 3 4 |  4.0
Polearms       | 2 3 6 9 12 14 | 14.3
Dodging        | |  2.6
Stealth        | |  2.1
Spellcasting   | |  2.0
Conjurations   | |  3.2

Action                     |  1- 3 |  4- 6 |  7- 9 || total
---------------------------+-------+-------+-------++-------
  Melee: Unarmed           |   187 |       |       ||   187
         Punch             |     3 |     5 |     4 ||    12
         Trident           |     6 |   252 |   199 ||   457
         Tailslap          |       |    14 |    31 ||    45
         Halberd           |       |       |   363 ||   363
  Throw: Dart              |     5 |    16 |    29 ||    50
   Cast: Magic Dart        |    34 |     9 |       ||    43
  Evoke: Wand              |       |       |     4 ||     4
    Use: Potion            |       |     2 |     6 ||     8
         Scroll            |       |       |     4 ||     4
   Stab: Sleeping          |     4 |     7 |     6 ||    17
         Distracted        |       |     1 |     2 ||     3
 Armour: Robe              |    91 |    39 |       ||   130
         Leather armour    |       |    73 |    41 ||   114
         Scale mail        |       |       |   244 ||   244
  Dodge: Dodged            |   144 |   146 |   245 ||   535
